 Dungeon Crawl Stone Soup version 0.30-b1-2-g02819fbbbe (webtiles) character file.

Game seed: 7031857911395841845

27 dorian the Shield-Bearer (level 3, 0/29 HPs)
             Began as a Formicid Fighter on May 17, 2023.
             Slain by an adder (2 damage)
             ... on level 2 of the Dungeon.
             The game lasted 00:01:06 (651 turns).

dorian the Shield-Bearer (Formicid Fighter)          Turns: 651, Time: 00:01:06

Health: 0/29       AC:  6    Str: 17 (20) XL:     3   Next: 25%
Magic:  3/3        EV:  9    Int:  8 (9)  God:
Gold:   102        SH:  5    Dex: 12 (13) Spells: 2/2 levels left

rFire   . . .        a - +0 long sword
rCold   . . .        c - +0 buckler
rNeg    . . .        b - +0 scale mail
rPois   .            (helmet unavailable)
rElec   .            (no cloak)
rCorr   .            (no gloves)
SInv    +            (no boots)
Will    .....        (no amulet) Stlth
                     (no ring)
HPRegen 0.24/turn    (no ring)
MPRegen 0.08/turn

%: no passive effects
@: brilliant, flying
A: permanent stasis, dig shafts and tunnels, antennae 3, four strong arms
a: Dig, Shaft Self


You were on level 2 of the Dungeon.
You visited 1 branch of the dungeon, and saw 2 of its levels.

You collected 102 gold pieces.

Inventory:

Hand Weapons
 a - a +0 long sword (weapon)
Missiles
 l - a throwing net
Armour
 b - a +0 scale mail (worn)
 c - a +0 buckler (worn)
Scrolls
 e - a scroll of magic mapping {unknown}
 f - 3 scrolls of identify {unknown}
 j - a scroll of enchant weapon {unknown}
Potions
 d - a potion of might
 h - a potion of degeneration


   Skills:
 - Level 3.2 Fighting
 * Level 2.8 Long Blades
 + Level 3.6 Armour
 + Level 4.4 Shields


You had 2 spell levels left.
You didn't know any spells.
Your spell library contained the following spells:

 Spells                   Type           Power      Damage    Failure   Level
 Ensorcelled Hibernation  Hex/Ice        0%         N/A       95%         2
 Spider Form              Tmut/Pois      0%         N/A       99%         3
 Anguish                  Hex/Necr       0%         N/A       100%        4
 Olgreb's Toxic Radiance  Pois           0%         N/A       100%        4
 Discord                  Hex            0%         N/A       100%        8
 Ignition                 Fire           0%         3d3       100%        8


Dungeon Overview and Level Annotations

Branches:
Dungeon (2/15)

Altars:


Innate Abilities, Weirdness & Mutations

You cannot be hasted, slowed, berserked, paralysed or teleported.
You can dig through walls and to a lower floor.
You have a pair of large antennae on your head. (SInv)
Your four strong arms can wield two-handed weapons with a shield.


Message History

The adder attacks as you move away! The adder bites you but does no damage.
You feel sick. The bat hits you but does no damage.
You barely miss the bat.
You feel sick. The bat barely misses you. You block the adder's attack.
You miss the adder.
The adder is severely wounded.
You feel sick. You block the adder's attack.
You barely miss the adder.
The adder is severely wounded.
You feel sick. The adder bites you but does no damage.
You block the adder's attack.
You miss the adder.
The adder is severely wounded.
You feel sick. The adder bites you but does no damage. The adder bites you.
* * * LOW HITPOINT WARNING * * *
It was a potion of degeneration.
There was something very wrong with that liquid.
You feel weakened.
You feel dopey.
You feel clumsy.
* * * LOW HITPOINT WARNING * * *
You feel sick. The adder bites you but does no damage.
It was a potion of flight.
You feel very buoyant.
You fly up into the air.
* * * LOW HITPOINT WARNING * * *
You feel sick.
You are no longer poisoned.
The adder bites you but does no damage.
It was a potion of berserk rage.
Your stasis prevents you from going berserk.
The adder closely misses you.
It was a potion of brilliance.
You feel clever all of a sudden.
The adder bites you but does no damage. x2
You closely miss the adder.
The adder is severely wounded.
The adder bites you but does no damage.
You closely miss the adder.
The adder is severely wounded.
The adder bites you.
You die...

....########
#.# ##### #
#.# #. #.#
#.# #.# ...
#.# #.###.#
#.†b#.#
#S#.# #.@.#
#####


You could see an adder and a bat.

Vanquished Creatures
  A worm (D:2)
  A dart slug (D:1)
  2 ball pythons
  5 bats
  An endoplasm (D:1)
  A giant cockroach (D:1)
  4 hobgoblins
  2 goblins (D:2)
  3 rats (D:1)
20 creatures vanquished.

Notes
Turn   | Place    | Note
-------+----------+-------------------------------------------
     0 | D:1      | dorian the Formicid Fighter began the quest for the Orb.
     0 | D:1      | Reached XP level 1. HP: 18/18 MP: 1/1
   186 | D:1      | Reached XP level 2. HP: 22/24 MP: 2/2
   471 | D:2      | Reached XP level 3. HP: 19/29 MP: 3/3
   647 | D:2      | HP: 1/29 [poisoned by an adder]
   651 | D:2      | Slain by an adder

Illustrated notes

Levels and vault maps discovered:
D:1:      spicycebolla_arrival_transporter_tutorial, layout_rooms
D:2:      layout_basic, basic_altar, solitary_fountain, minmay_crystal_room,
          minmay_misc_feat_secret_circle, hex_tiny, minmay_box_of_dots

Action                     || total
---------------------------++-------
  Melee: Long sword        ||    69
    Use: Potion            ||     4
 Armour: Scale mail        ||    53
  Dodge: Dodged            ||    36
  Block: Buckler           ||    31
